 Dungeon Crawl Stone Soup version 0.29-a0-620-g13ace881f2 (webtiles) character file.

Game seed: 6287837347693468353

49 enile the Gusty (level 3, 0/20 HPs)
             Began as a Tengu Air Elementalist on June 19, 2022.
             Was an Initiate of Wu Jian.
             Killed by nerve-wracking pain
             ... invoked by an orc priest
              (11 damage)
             ... on level 4 of the Dungeon.
             The game lasted 00:01:51 (1215 turns).

enile the Gusty (Tengu Air Elementalist)            Turns: 1215, Time: 00:01:52

Health: 0/20       AC:  2    Str:  8    XL:     3   Next: 75%
Magic:  5/7        EV: 12    Int: 17    God:    Wu Jian [......]
Gold:   82         SH:  0    Dex: 14    Spells: 5/6 levels left

rFire   . . .      SeeInvis .   e - +1 dagger
rCold   . . .      Faith    .   (no shield)
rNeg    . . .      Spirit   .   a - +0 robe
rPois   .          Reflect  .   (helmet restricted)
rElec   .          Harm     .   (no cloak)
rCorr   .          Rampage  .   (no gloves)
Will    .....                   (boots unavailable)
Stlth   ++........              c - amulet of regeneration
HPRegen 0.86/turn               (no ring)
MPRegen 0.10/turn               (no ring)

@: weak-willed
A: beak, talons 3
a: Renounce Religion


You were on level 4 of the Dungeon.
You worshipped Wu Jian.
Wu Jian was noncommittal.
You visited 1 branch of the dungeon, and saw 3 of its levels.

You collected 82 gold pieces.

Inventory:

Hand Weapons
 e - a +1 dagger (weapon)
Armour
 a - a +0 robe (worn)
Jewellery
 c - an amulet of regeneration (around neck)
 i - a ring of see invisible
Scrolls
 h - 2 scrolls of enchant armour
Potions
 b - a potion of magic


   Skills:
 + Level 0.6 Fighting
 - Level 2.1 Dodging
 - Level 2.0 Stealth
 - Level 2.0 Spellcasting
 - Level 1.3 Conjurations
 - Level 6.0 Air Magic


You had 5 spell levels left.
You knew the following spells:

 Your Spells              Type           Power      Damage    Failure   Level
a - Shock                 Conj/Air       56%        1d6       4%          1

Your spell library contained the following spells:

 Spells                   Type           Power      Damage    Failure   Level
 Swiftness                Air            22%        N/A       4%          3
 Static Discharge         Conj/Air       14%        N/A       6%          2
 Airstrike                Air            11%        N/A       16%         4


Dungeon Overview and Level Annotations

Branches:
Dungeon (2/15)

Altars:
Wu Jian


Innate Abilities, Weirdness & Mutations

You have a beak for a mouth.
You have claws for feet.


Message History

As you read the scroll labelled SIUVUT ZESE, it crumbles to dust.
You assume a fearsome visage.
The orc priest looks frightened!
The orc looks frightened!
The giant cockroach looks frightened!
It was a scroll of fear.
It was a potion of heal wounds.
You feel much better.
The orc priest miscasts a cantrip.
Casting: Shock (safe; 4% risk of failure)
Confirm with . or Enter, or press ? or * to list all spells.
Okay, then.
You aren't carrying any items that you can evoke.
As you read the scroll labelled ATOCIA CIBAGEU, it crumbles to dust.
It is a scroll of identify.
h - 2 scrolls of enchant armour The orc priest barely misses you.
Okay, then.
Okay, then.
Casting: Shock (safe; 4% risk of failure)
Confirm with . or Enter, or press ? or * to list all spells.
Aiming: Shock (safe; 4% risk of failure)
Press: ? - help, Shift-Dir - straight line, f - orc priest
Aim: an orc priest, wielding a +0 dagger (black smoke, 71% to hit)
The zap hits the orc priest.
The orc priest is moderately wounded.
The orc priest calls down the wrath of Beogh upon you.
Beogh smites you!
Casting: Shock (safe; 4% risk of failure)
Confirm with . or Enter, or press ? or * to list all spells.
Aiming: Shock (safe; 4% risk of failure)
Press: ? - help, Shift-Dir - straight line, f/p - orc priest
Aim: an orc priest, wielding a +0 dagger (black smoke, moderately wounded, 71% to hit)
The zap hits the orc priest.
The orc priest is heavily wounded.
The orc priest hits you with a +0 dagger.
You hit the orc priest. Your kick misses the orc priest.
You peck the orc priest.
The orc priest is severely wounded.
The orc priest mumbles some strange prayers to Beogh against you.
Pain shoots through your body!
Ouch! That really hurt!
You die...

### #.###########...
..#.#.8.#...##........
....#.....8.##......B# #
....#...#...#........ ..
....##.###.##.#... o. ...
....#...#...#.§§§ .##....
....'..8#._.##§o##..o..$#.?...
#...#...#...##§§@##......<...#
....#########.§§§§§..........##
.##.......##...§§§§.........#.##.
..........##..§#####..##..#......
..........##....###......##......
#......##.......#.#..............
#.........#...................$..
÷.......#.#................#.....
..#)....#...........#......#.....


You could see an orc priest.

Vanquished Creatures
  An adder (D:4)
  An orc (D:4)
  6 bats (D:1)
  3 endoplasms (D:1)
  A giant cockroach (D:1)
  2 goblins (D:1)
  4 hobgoblins (D:1)
  2 jackals (D:4)
  2 quokkas (D:1)
  A ball python (D:1)
  5 kobolds
  7 rats (D:1)
35 creatures vanquished.

Notes
Turn   | Place    | Note
-------+----------+-------------------------------------------
     0 | D:1      | enile the Tengu Air Elementalist began the quest for the
                  | Orb.
     0 | D:1      | Reached XP level 1. HP: 10/10 MP: 4/4
   130 | D:1      | Reached XP level 2. HP: 15/15 MP: 0/6
   265 | D:1      | Reached skill level 5 in Air Magic
   570 | D:1      | Reached XP level 3. HP: 19/19 MP: 2/7
   963 | D:2      | You fall into a shaft and drop 2 floors!
   975 | D:4      | Reached skill level 6 in Air Magic
  1082 | D:4      | Found an ornate altar of the Wu Jian Council.
  1177 | D:4      | Became a worshipper of the Wu Jian Council
  1215 | D:4      | Killed from afar by an orc priest

Illustrated notes

Levels and vault maps discovered:
D:1:      evilmike_arrival_plus, layout_basic
D:2:      layout_loops_ring, nicolae_ecumenical_lake_church, minmay_heptomino_o4
D:4:      layout_cave_pools, nicolae_dithmenos_the_darkroom,
          nicolae_wu_jian_immortal_techniques, uniq_edmund

Skill      XL: |  1  2  3 |
---------------+----------+-----
Air Magic      | 5 6 |  6.0
Fighting       | |  0.6
Dodging        | |  2.1
Stealth        | |  2.0
Spellcasting   | |  2.0
Conjurations   | |  1.3

Action                   || total
-------------------------++-------
Melee: Dagger            ||    34
       Peck              ||     9
       Kick              ||     7
 Cast: Shock             ||    61
  Use: Scroll            ||     5
       Potion            ||     2
Armor: Robe              ||    12
Dodge: Dodged            ||    32

Table legend: (Time is in decaauts)
 A = Elapsed time spent in this place.
 B = Non-inter-level travel time spent in this place.
 C = Inter-level travel time spent in this place.
 D = Time resting spent in this place.
 E = Time spent auto-exploring this place.
 F = Levels seen in this place.
 G = Mean time per level.
                   A        B        C        D        E       F      G
               +--------+--------+--------+--------+--------+-----+--------+
         Total |   1214 |   1147 |     67 |      0 |    949 |   3 |  404.7 |
       Dungeon |   1214 |   1147 |     67 |      0 |    949 |   3 |  404.7 |
               +--------+--------+--------+--------+--------+-----+--------+

Top non-repeatable levels by time:
     D:1: 899 daAuts
     D:4: 251 daAuts
     D:2: 62 daAuts
